 Dungeon Crawl Stone Soup version 0.29.0-4-gdea44cf6ec (webtiles) character file.

Game seed: 5490965650262739322

289 qw the Chopper (level 6, -1/35 HPs)
             Began as a Tengu Warper on Aug 29, 2022.
             Was an Initiate of Okawaru.
             Slain by a kobold brigand
             ... wielding a +0 dagger
              (6 damage)
             ... on level 4 of the Dungeon.
             The game lasted 00:00:19 (3203 turns).

qw the Chopper (Tengu Warper)                       Turns: 3203, Time: 00:00:20

Health: -1/35      AC:  5    Str: 14    XL:     6   Next: 31%
Magic:  10/10      EV: 17    Int: 13    God:    Okawaru [......]
Gold:   210        SH:  0    Dex: 13    Spells: 9/9 levels left

rFire   . . .      SeeInvis .   d - +1 hand axe (flame)
rCold   . . .      Faith    .   (no shield)
rNeg    . . .      Spirit   .   o - +0 ring mail
rPois   .          Reflect  .   (helmet restricted)
rElec   .          Harm     .   (no cloak)
rCorr   .          Rampage  .   (no gloves)
Will    .....                   (boots unavailable)
Stlth   +.........              (no amulet)
HPRegen 0.11/turn               e - +4 ring of evasion
MPRegen 0.12/turn               (no ring)

@: flying quickly and evasively, slowed, very slow
A: beak, talons 3, nimble flight
a: Renounce Religion


You were on level 4 of the Dungeon.
You worshipped Okawaru.
Okawaru was noncommittal.
You visited 2 branches of the dungeon, and saw 5 of its levels.

You collected 210 gold pieces.


Innate Abilities, Weirdness & Mutations

You have a beak for a mouth.
You have claws for feet.
Your magical nature lets you fly swiftly and evasively.


   Skills:
 + Level 2.2 Fighting
 - Level 7.0 Axes
 - Level 1.0 Throwing
 - Level 1.1 Armour
 - Level 2.1 Dodging
 - Level 2.0 Spellcasting
 - Level 2.4 Translocations


You had 9 spell levels left.
You didn't know any spells.
Your spell library contained the following spells:

 Spells                   Type           Power      Damage    Failure   Level
 Blink                    Tloc           14%        N/A       30%         2
 Gell's Gravitas          Tloc           7%         N/A       52%         3
 Lesser Beckoning         Tloc           7%         N/A       52%         3
 Teleport Other           Tloc           7%         N/A       52%         3
 Manifold Assault         Tloc           7%         N/A       99%         5

Inventory:

Hand Weapons
 d - a +1 hand axe of flaming (weapon)
Missiles
 f - 6 boomerangs
 l - 8 javelins (quivered)
Armour
 o - a +0 ring mail (worn)
Jewellery
 e - a +4 ring of evasion (left hand)
Scrolls
 b - a scroll of fog {unknown}
 c - 2 scrolls of teleportation
 i - 2 scrolls of identify
 m - a scroll of silence {unknown}
Potions
 a - a potion of heal wounds
 g - a potion of mutation
 h - a potion of might
 j - a potion of degeneration {unknown}
 k - 2 potions of resistance
 n - a potion of curing
 p - a potion of haste {unknown}
 q - a potion of cancellation {unknown}
 r - a potion of lignification {unknown}

Dungeon Overview and Level Annotations

Branches:
Dungeon (4/15)             Temple (1/1) D:4

Altars:
Ashenzari
Dithmenos
Elyvilon
Fedhas
Gozag
Hepliaklqana
Kikubaaqudgha
Okawaru
Sif Muna
Uskayaw
Yredelemnul
Zin
The Shining One

Shops:
D:2 (


Message History

The gnoll is moderately wounded.
You hit the kobold brigand. You burn the kobold brigand.
You completely miss the gnoll.
Your surroundings suddenly seem different.
You feel sick.
You feel sick.
You feel sick.
You feel sick.
You are no longer poisoned.
The gnoll shouts!
Throw: 9 javelins
Press: ? - help, Q - select action, (/) - cycle Shift-Dir - straight line, f - orc You throw a javelin.
The javelin pierces through the orc.
You kill the orc!
Okawaru accepts your kill.
You hear a splash.
You hear a splash.
The gnoll hits you with a +0 club.
You hit the gnoll. You burn the gnoll. Your kick misses the gnoll.
Your peck misses the gnoll.
The gnoll is heavily wounded.
The gnoll closely misses you. The gnoll hits you with a +0 club.
You hit the gnoll. You burn the gnoll. You claw the gnoll, but do no damage.
The gnoll is severely wounded.
You hit the gnoll but do no damage. The gnoll barely misses you.
The gnoll misses you.
The orc hits you from afar with a +0 trident.
The gnoll closely misses you.
You slash the gnoll! You burn the gnoll.
You kill the gnoll!
Okawaru accepts your kill.
You hit the gnoll but do no damage. The orc misses you.
The gnoll closely misses you. The kobold brigand misses you.
The orc hits you from afar with a +0 trident.
You hit the gnoll but do no damage. You claw the gnoll.
The gnoll is moderately wounded.
You hit the kobold brigand but do no damage.
The gnoll hits you with a +1 flail of protection.
The kobold brigand hits you with a +0 dagger.
You die...

#........#...............##~~.P
.....##....................<.....
..................#...###...b..b.
....##.........#..##..# ###......
#.............#...#..###.........
#............###.##.>............
###...........##.#...............
.............K.............P...
~~~~~~....~~~g@~~~~~~~~~~~~~~..
~~~~~....~~~~~~~~~~~~~~~~~~~..
~~~~~....)~o~~~~~~~~~#####~~..
.....................#.o #~~..
####''''############# #....#
#g...# #o...# #).).#


You could see a kobold brigand, a gnoll and an orc.

Vanquished Creatures
  An ogre (D:4)
  A jelly (D:4)
  2 iguanas
  A gnoll (D:4)
  2 adders
  A white imp (D:4)
  A worm (D:3)
  A dart slug (D:3)
  6 orcs (D:4)
  10 endoplasms
  5 giant cockroaches
  5 goblins
  9 hobgoblins
  4 jackals (D:4)
  3 kobolds
  2 quokkas
  5 ball pythons
  6 bats
  3 frilled lizards
  4 rats
72 creatures vanquished.

Notes
Turn   | Place    | Note
-------+----------+-------------------------------------------
     0 | D:1      | qw the Tengu Warper began the quest for the Orb.
     0 | D:1      | Reached XP level 1. HP: 12/12 MP: 4/4
     0 | D:1      | 0 ||| qw: Version: 0.1-a-89-g26bdef1
     0 | D:1      | 0 ||| qw: Game counter: 3555
     0 | D:1      | 0 ||| qw: Always use a shield: true
     0 | D:1      | 0 ||| qw: God list: Okawaru
     0 | D:1      | 0 ||| qw: Allow faded altars: false
     0 | D:1      | 0 ||| qw: Do Orc after D:15 true
     0 | D:1      | 0 ||| qw: Do second Lair branch before Depths: true
     0 | D:1      | 0 ||| qw: Lair rune preference: random
     0 | D:1      | 0 ||| qw: Plans: Normal
     0 | D:1      | 0 ||| PLANNING D:1-11
   417 | D:1      | Reached skill level 3 in Axes
   417 | D:1      | Reached XP level 2. HP: 17/17 MP: 6/6
   821 | D:1      | Reached XP level 3. HP: 21/21 MP: 7/7
   987 | D:1      | Found a faded altar of an unknown god.
  1182 | D:1      | 1182 ||| READING scroll labelled ESAHEXOAMU.
  1183 | D:1      | 1183 ||| READING scroll labelled UFASIM MIGADO.
  1186 | D:1      | 1186 ||| DRINKING 2 puce potions.
  1187 | D:1      | 1187 ||| DROPPING scroll of blinking.
  1206 | D:2      | Reached skill level 4 in Axes
  1293 | D:2      | 1293 ||| DROPPING +0 club.
  1355 | D:2      | 1355 ||| Stepping ~*~*~tactically~*~*~ (stealth).
  1379 | D:2      | Found Horif's Antique Weapon Shop.
  1402 | D:2      | 1402 ||| SHOPLISTING glowing morningstar (189 gold, have
                  | 38).
  1499 | D:2      | 1499 ||| Stepping ~*~*~tactically~*~*~ (stealth).
  1501 | D:2      | 1501 ||| Stepping ~*~*~tactically~*~*~ (stealth).
  1687 | D:2      | 1687 ||| UPGRADING to +0 ring mail.
  1697 | D:2      | 1697 ||| DROPPING +0 leather armour.
  1698 | D:2      | 1698 ||| UPGRADING to +4 ring of evasion.
  1699 | D:2      | 1699 ||| READING scroll labelled MEGITZ ZE PAM.
  1700 | D:2      | 1700 ||| DRINKING 2 inky potions.
  1701 | D:2      | 1701 ||| READING 2 scrolls of identify.
  1701 | D:2      | 1701 ||| IDENTIFYING fuming cyan potion
  1734 | D:3      | Reached XP level 4. HP: 26/26 MP: 8/8
  1778 | D:3      | 1778 ||| Stepping ~*~*~tactically~*~*~ (hiding).
  2108 | D:3      | Found an opulent altar of Gozag.
  2247 | D:3      | Reached skill level 5 in Axes
  2603 | D:3      | 2603 ||| DROPPING scarf of invisibility.
  2604 | D:3      | 2604 ||| DRINKING 2 grey potions.
  2605 | D:3      | 2605 ||| READING 2 scrolls of identify.
  2605 | D:3      | 2605 ||| IDENTIFYING viscous brown potion
  2638 | D:4      | Noticed an ogre
  2642 | D:4      | 2642 ||| Stepping ~*~*~tactically~*~*~ (stealth).
  2643 | D:4      | 2643 ||| Stepping ~*~*~tactically~*~*~ (stealth).
  2650 | D:4      | HP: 4/26 [ogre/+0 giant club (18)]
  2651 | D:4      | 2651 ||| READING 4 scrolls of teleportation.
  2652 | D:4      | 2652 ||| DRINKING 3 potions of heal wounds.
  2653 | D:4      | Killed an ogre
  2654 | D:4      | Reached skill level 6 in Axes
  2654 | D:4      | Gained mutation: Your magical nature lets you fly swiftly
                  | and evasively. [Tengu growth]
  2654 | D:4      | Reached XP level 5. HP: 30/30 MP: 9/9
  2694 | D:4      | 2694 ||| Stepping ~*~*~tactically~*~*~ (stealth).
  2699 | D:4      | Found a staircase to the Ecumenical Temple.
  2700 | D:4      | 2700 ||| PLANNING TEMPLE
  2701 | D:4      | 2701 ||| READING scroll labelled PIVODULU TIMU.
  2712 | Temple   | Entered the Ecumenical Temple
  2712 | Temple   | Found a transporter.
  2712 | Temple   | Found a transporter.
  2714 | Temple   | Found a transporter.
  2714 | Temple   | Found a transporter.
  2724 | Temple   | 2724 ||| PLANNING D:1-11
  2788 | Temple   | Became a worshipper of Warmaster Okawaru
  2876 | D:4      | Reached XP level 6. HP: 29/35 MP: 10/10
  2889 | D:4      | 2889 ||| Stepping ~*~*~tactically~*~*~ (stealth).
  2977 | D:4      | 2977 ||| SWAPPING to +1 hand axe of flaming.
  2978 | D:4      | 2978 ||| DROPPING +0 flail.
  2979 | D:4      | 2979 ||| DROPPING +0 hand axe.
  3004 | D:4      | Reached skill level 7 in Axes
  3078 | D:4      | Found a white marble altar of Elyvilon.
  3179 | D:4      | 3179 ||| Stepping ~*~*~tactically~*~*~ (stealth).
  3181 | D:4      | 3181 ||| Stepping ~*~*~tactically~*~*~ (stealth).
  3189 | D:4      | 3189 ||| Stepping ~*~*~tactically~*~*~ (stealth).
  3190 | D:4      | 3190 ||| FLEEEEING.
  3190 | D:4      | HP: 6/35 [asphyx]
  3191 | D:4      | 3191 ||| READING 3 scrolls of teleportation.
  3191 | D:4      | HP: 2/35 [poisoned by a kobold brigand (curare-tipped
                  | dart)]
  3192 | D:4      | 3192 ||| DRINKING 2 potions of heal wounds.
  3203 | D:4      | HP: 5/35 [gnoll/+1 flail of protection (5)]
  3203 | D:4      | Slain by a kobold brigand

Levels and vault maps discovered:
D:1:      amcnicky_arrival_abandoned_market, layout_loops_corners,
          dreamdust_ecumenical_altar_hidden_monk_grotto
D:2:      layout_rooms, serial_shops, shop, grunt_ministairs_1
D:3:      layout_basic, nicolae_gozag_seed_capital
D:4:      lemuel_castle_with_subvaults [lemuel_castle_interior_carwin_2],
          layout_cave_pools, nicolae_elyvilon_peaceful_grove, minitemple,
          minmay_temple_entry_statues, amcnicky_mini_pool_small,
          supply_closet_lemuel, st_stairs_10
Temple:   hellmonk_temple_divided_pantheon

Skill      XL: |  1  2  3  4  5  6 |
---------------+-------------------+-----
Axes           | 3 4 6 7 |  7.0
Fighting       | |  2.2
Throwing       | |  1.0
Armour         | |  1.1
Dodging        | |  2.1
Spellcasting   | |  2.0
Translocations | |  2.4

Action                   |  1- 3 |  4- 6 || total
-------------------------+-------+-------++-------
Melee: Hand axe          |    48 |    59 ||   107
       Kick              |     8 |    23 ||    31
       Punch             |     1 |       ||     1
       Peck              |     6 |    10 ||    16
Throw: Javelin           |    42 |    38 ||    80
       Boomerang         |     2 |     5 ||     7
  Use: Scroll            |     4 |     4 ||     8
       Potion            |     2 |     3 ||     5
Armor: Leather armour    |    18 |       ||    18
       Ring mail         |       |    10 ||    10
Dodge: Dodged            |    31 |    39 ||    70

Table legend:
 A = Non-vault XP
 B = Vault XP
 C = Vault XP percentage of total XP
 D = Non-vault monster count
 E = Vault monster count
 F = Vault count percentage of total count
                 A         B        C        D         E       F
            +---------+---------+-------+---------+---------+-------
      Total |     324 |      90 |  21.7 |      59 |      13 |  18.1
            +---------+---------+-------+---------+---------+-------
        D:1 |      40 |       0 |   0.0 |      24 |       0 |   0.0
        D:2 |      23 |      14 |  37.8 |      14 |       2 |  12.5
        D:3 |      75 |       0 |   0.0 |      14 |       0 |   0.0
        D:4 |     186 |      76 |  29.0 |       7 |      11 |  61.1
            +---------+---------+-------+---------+---------+-------
